 Dungeon Crawl Stone Soup version 0.22.1-1-ga44c0e56f4 (webtiles) character file.

65 Knicklaso the Magician (level 4, 0/24 HPs)
             Began as a Tengu Wizard on Sept 26, 2018.
             Slain by a hound (4 damage)
             ... on level 2 of the Dungeon.
             The game lasted 00:03:02 (1299 turns).

Knicklaso the Magician (Tengu Wizard)               Turns: 1299, Time: 00:03:02

Health: 0/24       AC:  2    Str:  8    XL:     4   Next: 13%
Magic:  2/10       EV: 12    Int: 19    God:
Gold:   43         SH:  0    Dex: 12    Spells: 9/10 levels left

rFire    . . .     SeeInvis .   e - +0 short sword
rCold    . . .     Gourm    .   (no shield)
rNeg     . . .     Faith    .   a - +0 robe
rPois    .         Spirit   .   b - +0 hat
rElec    .         Reflect  .   (no cloak)
rCorr    .         Harm     .   (no gloves)
MR       .....                  (boots unavailable)
Stlth    ++........             (no amulet)
HPRegen  0.08/turn              (no ring)
MPRegen  0.12/turn              (no ring)

@: no status effects
A: beak, talons 3
a: no special abilities


You were on level 2 of the Dungeon.
You were not hungry.

You visited 1 branch of the dungeon, and saw 2 of its levels.

You collected 43 gold pieces.

Inventory:

Hand Weapons
 e - a +0 short sword (weapon)
Armour
 a - a +0 robe (worn)
 b - a +0 hat (worn)
Jewellery
 h - an uncursed ring of positive energy {unknown}
Scrolls
 c - a scroll of blinking {unknown}
 f - a scroll of teleportation {unknown}
 j - a scroll of fear {unknown}
Potions
 i - a potion of agility {unknown}
Comestibles
 d - 4 rations
 g - a chunk of flesh


   Skills:
 - Level 2.1 Dodging
 - Level 2.0 Stealth
 + Level 3.8 Spellcasting
 + Level 3.7 Conjurations
   Level 1.2 Summonings
   Level 0.7 Translocations


You had 9 spell levels left.
You knew the following spells:

 Your Spells              Type           Power        Failure   Level  Hunger
a - Magic Dart            Conj           ###.         3%          1    None

Your spell library contained the following spells:

 Spells                   Type           Power        Failure   Level  Hunger
 Call Imp                 Summ           #.......     13%         2    ##.....
 Blink                    Tloc           N/A          16%         2    ##.....
 Conjure Flame            Conj/Fire      ##......     19%         3    ###....
 Slow                     Hex            #.......     22%         2    ##.....
 Mephitic Cloud           Conj/Pois/Air  #.......     26%         3    ###....


Dungeon Overview and Level Annotations

Branches:
Dungeon (2/15)

Altars:
Makhleb


Innate Abilities, Weirdness & Mutations

You have a beak for a mouth.
You have claws for feet.


Message History

The hound bites you. The hound bites you but does no damage.
Casting: Magic Dart (safe; 3% risk of failure)
Confirm with . or Enter, or press ? or * to list all spells.
Aiming: Magic Dart (safe; 3% risk of failure)
Press: ? - help, Shift-Dir - straight line, f/p - hound
Aim: a hound (moderately wounded)
The magic dart hits the hound.
The hound is moderately wounded.
The hound bites you. The hound bites you. x2
* * * LOW HITPOINT WARNING * * *
Casting: Magic Dart (safe; 3% risk of failure)
Confirm with . or Enter, or press ? or * to list all spells.
Aiming: Magic Dart (safe; 3% risk of failure)
Press: ? - help, Shift-Dir - straight line, f/p - hound
Aim: a hound (moderately wounded)
The magic dart hits the hound.
The hound is heavily wounded.
The hound bites you.
You die...

#.##.. ..
##.....### ..
#∩_......# ..
#.......# .##
#.......# .. #
###.....# .##..##
###.......##.......
..........h(#
..........#@#
###.....##.#
#..#w###.# #. #†#
#.# # ... ... ....
#.. #.#.#.#..
#.#.#..... #......


You could see a hound.

Vanquished Creatures
  2 adders (D:2)
  2 leopard geckos
  2 giant cockroaches
  2 goblins
  6 hobgoblins (D:1)
  8 jackals (D:1)
  7 kobolds
  A ball python (D:1)
  4 bats (D:1)
  5 frilled lizards
  A rat (D:1)
40 creatures vanquished.

Notes
Turn   | Place    | Note
-------+----------+-------------------------------------------
     0 | D:1      | Knicklaso the Tengu Wizard began the quest for the Orb.
     0 | D:1      | Reached XP level 1. HP: 10/10 MP: 5/5
   192 | D:1      | Reached XP level 2. HP: 10/15 MP: 2/7
   535 | D:1      | Reached XP level 3. HP: 15/19 MP: 0/8
  1286 | D:2      | Found a burning altar of Makhleb.
  1289 | D:2      | Reached XP level 4. HP: 24/24 MP: 6/10
  1299 | D:2      | Slain by a hound

Skill      XL: |  1  2  3 |
---------------+----------+-----
Conjurations   | 2 3 |  3.7
Dodging        | |  2.1
Stealth        | |  2.0
Spellcasting   | |  3.8
Summonings     | |  1.2
Translocations | |  0.7

Action                   |  1- 3 |  4- 6 || total
-------------------------+-------+-------++-------
Melee: Unarmed           |     3 |       ||     3
       Kick              |    10 |       ||    10
       Peck              |     4 |       ||     4
       Short sword       |    35 |       ||    35
 Cast: Magic Dart        |    81 |     6 ||    87
  Eat: Chunk             |     1 |       ||     1
Armor: Robe              |    10 |     1 ||    11
Dodge: Dodged            |    49 |     4 ||    53
